 Dungeon Sprint DCSS version 0.31-a0-879-g1609e0ac53 (webtiles) character file.

Game seed: 3878112130054508251

16786 sircluck the Brawler (level 12, -3/144 HPs)
             Began as a Troll Berserker on Oct 14, 2023.
             Was a High Priest of Trog.
             Killed from afar by a fire giant (40 damage)
             ... with a fireball
             ... in the Dungeon (Sprint I: "Red Sonja").
             The game lasted 00:06:41 (1849 turns).

sircluck the Brawler (Troll Berserker)              Turns: 1849, Time: 00:06:42

Health: -3/144     AC:  4    Str: 38    XL:     12   Next: 13%
Magic:  11/11      EV: 14    Int:  3    God:    Trog [*****.]
Gold:   2301       SH:  0    Dex:  9    Spells: 11/11 levels left

rFire   . .          .
                       - Unarmed
rCold   . . .        (no shield)
rNeg    . . .        a - +0 animal skin
rPois   .            (helmet restricted)
rElec   .            (no cloak)
rCorr   .            (gloves unavailable)
SInv    .            (boots unavailable)
Will    .....        (no amulet)
Stlth   +            m - +6 ring of strength
HPRegen 1.24/turn    (no ring)
MPRegen 0.12/turn

%: no teleportation, random rage (3%)
@: on berserk cooldown, slowed, studying Short Blades, very slow
A: large, unfitting armour, claws 3, regeneration 1, shaggy fur 1, tough skin 1,
beak, berserk 1, deterioration 1
a: Renounce Religion, Berserk, Trog's Hand, Brothers in Arms


You were in the Dungeon.
You worshipped Trog.
Trog was extremely pleased with you.
You visited 1 branch You collected 2769 gold pieces.
You spent 468 gold pieces at shops.

Inventory:

Armour
 a - a +0 animal skin (worn)
Jewellery
 m - a +6 ring of strength (left claw)
 o - a ring of protection from fire
 r - a ring of protection from cold
Wands
 h - a wand of iceblast (7)
Scrolls
 g - a scroll of blinking
 j - 3 scrolls of fog {unknown}
 p - a scroll of identify {unknown}
Potions
 b - 4 potions of curing
 c - a potion of heal wounds
 d - a potion of haste
 e - 2 potions of magic
 f - 3 potions of berserk rage
 i - a potion of ambrosia {unknown}
 n - a potion of might {unknown}
 q - a potion of cancellation {unknown}
Miscellaneous
 k - a lightning rod (4/4)
 l - a phantom mirror


   Skills:
 + Level 15.7 Fighting
 + Level 15.5 Dodging
 + Level 18.2 Unarmed Combat


You had 11 spell levels left.
You didn't know any spells.
Your spell library was empty.

Dungeon Overview and Level Annotations

Branches:
Dungeon (1/1)

Altars:
Cheibriados
Dithmenos
Elyvilon
Fedhas
Gozag
Hepliaklqana
Kikubaaqudgha
Makhleb
Nemelex Xobeh
Okawaru
Qazlal
Ru
Sif Muna
Trog
Uskayaw
Vehumet
Wu Jian
Xom
Yredelemnul
Zin
The Shining One
Jiyva
Lugonu

Shops:
D =([(*[[((=:([(*[**[[[


Innate Abilities, Weirdness & Mutations

You are too large for most types of armour.
You have claws for hands.
Your natural rate of healing is unusually fast.
You are covered in fur. (AC +1)
You have tough skin. (AC +1)
You have a beak for a mouth.
You sometimes lose your temper in combat.
Your body sometimes deteriorates upon taking damage.


Message History

You kill the fire giant!
Trog accepts your kill. Trog grants you a weapon!
Something appears at your feet!
You see here a +4 heavy quarterstaff.
Trog appreciates your killing of a magic user.
You feel your intelligence returning.
Unknown command.
Unknown command.
You start waiting.
You feel a strong urge to attack something.
You start waiting.
You are no longer berserk.
You are exhausted.
You feel yourself slow down.
You start waiting.
A fire giant comes into view.
It is wielding a +0 great sword of flaming.
A fire giant is nearby!
You catch the helpless fire giant completely off-guard!
You mangle the fire giant!!
The fire giant is moderately wounded.
The fire giant casts a spell at you. The bolt of fire hits you!!!
You scratch the fire giant but do no damage.
You peck the fire giant!
The fire giant is moderately wounded.
The fire giant hits you with a +0 great sword of flaming!!
The fire giant burns you!
You scratch the fire giant.
The fire giant is moderately wounded.
The fire giant points at you and mumbles some strange words.
The bolt of fire hits you!!
* * * LOW HITPOINT WARNING * * *
Your troll goes berserk!
The fire giant barely misses you.
Unknown command.
You eviscerate the fire giant!!!
The fire giant is severely wounded.
The fire giant gestures at you while chanting.
The fireball explodes!
The fireball engulfs you!!!
You die...

#.....#...###..###.#
#))...+.....##.#A#.#
###..°#.....#..###.#
§.#○°.###++##.##...#
#.#°°###..###..#+###
#.#°°####..###...#
#.##+#..#..#.###.#
#.# #.........#.#
'§####.........#@#
#§#.)'.○....####C#
#§#####°..###..T.#
'.# #####...#### ###
..C.# ###


You could see a fire giant (ally target) and a friendly troll (summoned,
berserk).

Vanquished Creatures
  A fire giant (D)
  A lorocyproca (D)
  2 centaur warriors (D)
  Sonja (D)
  A deep troll (D)
  An oklob plant (D)
  A shining eye (D)
  A gargoyle (D)
  7 unseen horrors (D)
  2 kobold demonologists (D)
  A hornet (D)
  A slime creature (D)
  Sigmund (D)
  12 hogs (D)
  A yak (D)
  2 redbacks (D)
  4 floating eyes (D)
  An ogre (D)
  7 necrophages (D)
  8 jellies (D)
  Ijyb (D)
  A ballistomycete spore (D)
58 creatures vanquished.

Vanquished Creatures (collateral kills)
  4 demonic crawlers (D)
  A lindwurm (D)
  7 shining eyes (D)
  A hog (D)
  2 floating eyes (D)
15 creatures vanquished.

Vanquished Creatures (others)
  A ballistomycete spore (D)
1 creature vanquished.

Grand Total: 74 creatures vanquished

Notes
Turn   | Place    | Note
-------+----------+-------------------------------------------
     0 | D        | sircluck the Troll Berserker began the quest for the Orb.
     0 | D        | Reached XP level 1. HP: 22/22 MP: 0/0
     1 | D        | Noticed Ijyb
    10 | D        | Killed Ijyb
    11 | D        | Reached skill level 4 in Unarmed Combat
    11 | D        | Reached XP level 2. HP: 8/32 MP: 1/1
    35 | D        | Noticed an ogre
    39 | D        | Killed an ogre
    40 | D        | Reached skill level 5 in Fighting
    40 | D        | Reached skill level 6 in Unarmed Combat
    40 | D        | Reached XP level 3. HP: 42/42 MP: 2/2
    40 | D        | Reached XP level 4. HP: 50/50 MP: 3/3
    51 | D        | Noticed Sigmund
    55 | D        | Killed Sigmund
    55 | D        | Reached ** piety under Trog
    56 | D        | Reached skill level 7 in Unarmed Combat
    56 | D        | Reached XP level 5. HP: 61/61 MP: 4/4
    69 | D        | Found an ornate altar of the Wu Jian Council.
    69 | D        | Found a shimmering blue altar of Sif Muna.
    71 | D        | Found a radiant altar of Vehumet.
    75 | D        | Reached XP level 6. HP: 68/68 MP: 5/5
    79 | D        | Noticed a centaur warrior
    79 | D        | Noticed a centaur warrior
    87 | D        | Killed a centaur warrior
    88 | D        | Reached skill level 10 in Unarmed Combat
    88 | D        | Reached XP level 7. HP: 35/81 MP: 6/6
    93 | D        | Killed a centaur warrior
    93 | D        | Reached *** piety under Trog
    94 | D        | Reached skill level 11 in Unarmed Combat
    94 | D        | Reached XP level 8. HP: 42/93 MP: 7/7
   146 | D        | Noticed a hornet
   147 | D        | Paralysed by a hornet for 3 turns
   152 | D        | Killed a hornet
   153 | D        | Reached skill level 10 in Fighting
   211 | D        | Noticed an oklob plant
   216 | D        | Killed an oklob plant
   217 | D        | Reached skill level 10 in Dodging
   217 | D        | Reached skill level 12 in Unarmed Combat
   217 | D        | Reached XP level 9. HP: 81/102 MP: 8/8
   259 | D        | Reached **** piety under Trog
   356 | D        | Reached ***** piety under Trog
   503 | D        | Killed an unseen horror
   504 | D        | Reached skill level 13 in Unarmed Combat
   510 | D        | Killed an unseen horror
   563 | D        | Received a gift from Trog
   568 | D        | Found Gasiteob's Assorted Antiques.
   569 | D        | Found Newkeipedd's Armour Emporium.
   570 | D        | Found Webiy's Antique Armour Emporium.
   583 | D        | Received a gift from Trog
   613 | D        | Found Ynwummoe's Assorted Antiques.
   613 | D        | Found Zevaot's Armour Shoppe.
   613 | D        | Found Bemnockipra's General Store.
   613 | D        | Found Ininet's Antique Weapon Emporium.
   613 | D        | Found Jiduquikis's Antique Armour Boutique.
   613 | D        | Found Kabamuw's Weapon Shoppe.
   613 | D        | Found Balajeimp's Book Shop.
   616 | D        | Found Giogg's Jewellery Emporium.
   617 | D        | Found Yddo Onu's Antique Weapon Boutique.
   617 | D        | Found Hulut's Weapon Shoppe.
   618 | D        | Found Qyusk's Antique Armour Shop.
   624 | D        | Bought a +6 ring of strength for 468 gold pieces
   665 | D        | Noticed a deep troll
   668 | D        | Killed a deep troll
   669 | D        | Reached skill level 14 in Unarmed Combat
   669 | D        | Reached XP level 10. HP: 102/115 MP: 9/9
   692 | D        | Found Fugoit's Armour Emporium.
   706 | D        | Noticed Sonja
   720 | D        | Killed Sonja
   842 | D        | Found Beocwul's Antique Weapon Emporium.
   842 | D        | Found an ancient bone altar of Kikubaaqudgha.
   842 | D        | Found a stormy altar of Qazlal.
   842 | D        | Found a blossoming altar of Fedhas.
   842 | D        | Found a bloodstained altar of Trog.
   842 | D        | Found an iron altar of Okawaru.
   842 | D        | Found a glowing golden altar of the Shining One.
   842 | D        | Found a glowing silver altar of Zin.
   842 | D        | Found a white marble altar of Elyvilon.
   847 | D        | Found a hazy altar of Hepliaklqana.
   847 | D        | Found a hide-covered altar of Uskayaw.
   847 | D        | Found a basalt altar of Yredelemnul.
   847 | D        | Found a snail-covered altar of Cheibriados.
   847 | D        | Found a sacrificial altar of Ru.
   847 | D        | Found a shadowy altar of Dithmenos.
   848 | D        | Found an opulent altar of Gozag.
   849 | D        | Found a sparkling altar of Nemelex Xobeh.
   880 | D        | Found a burning altar of Makhleb.
   880 | D        | Found a viscous altar of Jiyva.
   880 | D        | Found a shimmering altar of Xom.
   880 | D        | Found a corrupted altar of Lugonu.
   928 | D        | Received a gift from Trog
   930 | D        | Reached ****** piety under Trog
   950 | D        | Found Meajuyl's Jewellery Boutique.
   963 | D        | Noticed a shining eye
   963 | D        | Noticed a shining eye
   963 | D        | Noticed a shining eye
   965 | D        | Gained mutation: Your body sometimes deteriorates upon
                  | taking damage. [a shining eye]
   966 | D        | Killed a shining eye
   967 | D        | Noticed a shining eye
   968 | D        | Reached skill level 15 in Unarmed Combat
   968 | D        | Killed a shining eye
   969 | D        | Killed a shining eye
   971 | D        | Killed a shining eye
   971 | D        | Received a gift from Trog
   972 | D        | Noticed a shining eye
   972 | D        | Noticed a shining eye
   974 | D        | Killed a shining eye
   975 | D        | Reached XP level 11. HP: 127/127 MP: 10/10
   977 | D        | Killed a shining eye
   979 | D        | Noticed a shining eye
   979 | D        | Noticed a shining eye
   979 | D        | Paralysed by a floating eye for 4 turns
   981 | D        | Gained mutation: You have a beak for a mouth. [a shining
                  | eye]
   983 | D        | Gained mutation: You sometimes lose your temper in combat.
                  | [a shining eye]
   985 | D        | Killed a shining eye
   986 | D        | Reached skill level 16 in Unarmed Combat
   989 | D        | Killed a shining eye
   998 | D        | Found Basog's Antique Weapon Shoppe.
   998 | D        | Found Teyl's General Store.
   998 | D        | Found Ijuas's Antique Armour Emporium.
   998 | D        | Found Remyota's Armour Boutique.
  1051 | D        | Noticed a demonic crawler
  1051 | D        | Noticed a demonic crawler
  1051 | D        | Noticed a demonic crawler
  1051 | D        | Noticed a demonic crawler
  1052 | D        | Killed a demonic crawler
  1053 | D        | Killed a demonic crawler
  1053 | D        | Received a gift from Trog
  1055 | D        | Killed a demonic crawler
  1057 | D        | Killed a demonic crawler
  1069 | D        | Noticed a lindwurm
  1072 | D        | Killed a lindwurm
  1073 | D        | Reached skill level 17 in Unarmed Combat
  1101 | D        | Received a gift from Trog
  1106 | D        | Reached skill level 15 in Fighting
  1173 | D        | Received a gift from Trog
  1197 | D        | HP: 9/198 [something (14)]
  1199 | D        | Killed a lorocyproca
  1200 | D        | Reached skill level 15 in Dodging
  1576 | D        | Noticed a daeva
  1587 | D        | Reached XP level 12. HP: 104/143 MP: 11/11
  1595 | D        | Reached skill level 18 in Unarmed Combat
  1823 | D        | Noticed a fire giant
  1833 | D        | Killed a fire giant
  1833 | D        | Received a gift from Trog
  1844 | D        | Noticed a fire giant
  1849 | D        | Killed from afar by a fire giant

Illustrated notes

Levels and vault maps discovered:
D:        dungeon_sprint_1 [red_sonja_temple_1, red_sonja_temple_small_1]

Skill      XL: |  1  2  3  4  5  6  7  8  9 10 11 12 |
---------------+-------------------------------------+-----
Fighting       | 3 5 6 8 9 10 12 13 15 | 15.7
Dodging        | 3 4 6 8 9 10 11 13 15 | 15.5
Unarmed Combat | 4 6 7 10 11 12 14 15 17 18 | 18.2

Action                     |  1- 3 |  4- 6 |  7- 9 | 10-12 || total
---------------------------+-------+-------+-------+-------++-------
  Melee: Unarmed           |     9 |     8 |    68 |    90 ||   175
         Punch             |       |     1 |     3 |     9 ||    13
         Peck              |       |       |       |    11 ||    11
 Invoke: Berserk           |       |     1 |       |     3 ||     4
         Brothers in Arms  |       |       |       |     5 ||     5
    Use: Potion            |       |       |       |     1 ||     1
   Stab: Distracted        |       |       |       |     1 ||     1
 Armour: Animal skin       |     5 |    10 |    48 |    80 ||   143
  Dodge: Dodged            |     2 |     4 |    29 |    38 ||    73

Table legend: (Time is in decaauts)
 A = Elapsed time spent in this place.
 B = Non-inter-level travel time spent in this place.
 C = Inter-level travel time spent in this place.
 D = Time resting spent in this place.
 E = Time spent auto-exploring this place.
 F = Levels seen in this place.
 G = Mean time per level.
                   A        B        C        D        E       F      G
               +--------+--------+--------+--------+--------+-----+--------+
         Total |   1861 |   1796 |     65 |    751 |    431 |   1 | 1861.0 |
       Dungeon |   1861 |   1796 |     65 |    751 |    431 |   1 | 1861.0 |
               +--------+--------+--------+--------+--------+-----+--------+

Top non-repeatable levels by time:
       D: 1861 daAuts
